AoeStats
← Gumar

MegaRandom

508305586Analyzed
3v3 RM · 10d ago on Sep 21, 2026· 26m 32s· 6 players
Game mode
Random Map
Map size
Normal (6 player)
Population
200
Speed
Normal
Resources
Standard
Victory
Conquest
Starting age
Dark Age
Ending age
Imperial Age
RankedLock teamsTeams togetherTeam positionsShared explorationLock speedFull tech treeHidden civsTurbo modeCheats
Victory
Defeat
🇫🇷 Huns · France
700
+9
🇿🇼 Mongols · Zimbabwe
641
+12
🇧🇪 Wei · Belgium
610
+20
🇵🇱 Poles · Poland
650
-15
🇨🇦 Khmer · Canada
561
-12
🇬🇧 Inca · United Kingdom
424
-7
DAZACO
14:33 Feudal Age
20:16 Castle Age
22:39 Loom
22:49 Fishing Lines
Gumar
13:21 Feudal Age
14:55 Horse Collar
15:19 Double-Bit Axe
20:41 Man-at-Arms
22:26 Stone Mining
26:36 Castle Age
Leggy Mountbatten
0:31 Loom
13:14 Feudal Age
13:56 Horse Collar
14:02 Double-Bit Axe
14:15 Gold Mining
22:51 Castle Age
22:19 Scale Mail Armor
Just1porc
0:40 Loom
12:37 Feudal Age
13:57 Wheelbarrow
13:12 Town Watch
16:52 Double-Bit Axe
24:11 Castle Age
22:41 Scale Mail Armor
23:19 Horse Collar
23:31 Gold Mining
23:31 Stone Mining
25:05 Elite Skirmisher
25:10 Pikeman
25:51 Squires
26:47 Forging
BlupBlup
9:40 Loom
11:27 Feudal Age
12:54 Double-Bit Axe
12:54 Man-at-Arms
13:43 Horse Collar
14:26 Gold Mining
15:45 Arson
17:49 Scale Mail Armor
19:32 Fletching
24:41 Castle Age
24:45 Long Swordsman
25:42 Chain Mail Armor
25:44 Squires
27:02 Bow Saw
27:29 Gold Shaft Mining
vincentdhayer.work
5:39 Loom
12:27 Feudal Age
14:11 Double-Bit Axe
14:10 Horse Collar
17:32 Wheelbarrow
20:14 Castle Age
20:23 Scale Barding Armor
23:54 Husbandry
Connection lost

Rejoining the realm…

Still unreachable

The connection could not be restored.

Session expired

The server has moved on; the page needs a fresh start.